Map: Abyssal Reef LE

Players

Serral - Winner!

  • Race: Zerg Zerg
  • League: Grandmaster
  • Spawn Location: 5:00

liquidthermy (uThermal)

  • Race: Terran Terran
  • League: Grandmaster
  • Spawn Location: 11:00

Event: WESG Barcelona European Finals 2017

VOD

Have the link to the VOD?

Description

Time

  • Played on: Nov. 25, 2017, 8:59 a.m.
  • Length: 4:25

All games in this series

Show
View Real Time Build Order
Export as new Build Order

Serral Zerg - Winner!

Build Orders: Pool Only, Ravager All-In 

Get SALT Encoding   

  12  0:17  Spawning Pool  
  11  0:22  Drone  
  11  0:27  Drone  
  13  0:31  Drone  
  14  0:36  Extractor  
  14  0:38  Drone  
  14  0:45  Drone, Extractor  
  14  1:03  Roach Warren  
  14  1:04  Zergling x2  
  14  1:12  Overlord  
  14  1:24  Overlord  
  14  1:44  Roach x2  
  18  1:49  Roach  
  20  1:59  Roach  
  22  2:07  Ravager x2  
  24  2:18  Roach  
  26  2:24  Ravager  
  27  2:36  Roach  
  28  2:50  Ravager  
  29  2:52  Overlord  
  29  3:15  Roach x2  
  30  3:36  Roach x2  
  30  3:39  Ravager  
  35  3:44  Ravager  
  36  3:54  Roach  
Show
View Real Time Build Order
Export as new Build Order

liquidthermy Terran 

Build Orders: Command Center First (CC) 

Get SALT Encoding   

  12  0:01  SCV  
  13  0:13  SCV  
  14  0:17  Supply Depot  
  14  0:25  SCV  
  15  0:38  SCV  
  16  0:50  SCV  
  17  0:59  Command Center  
  17  1:03  SCV  
  18  1:13  Barracks  
  18  1:17  SCV  
  19  1:22  Refinery  
  19  1:29  SCV  
  19  1:30  Refinery  
  20  1:41  SCV  
  21  1:53  SCV  
  22  2:00  Reaper  
  23  2:05  Orbital Command  
  23  2:11  Orbital Command  
  23  2:17  Factory  
  23  2:31  SCV  
  23  2:33  Barracks Reactor  
  24  2:37  SCV  
  24  2:44  SCV  
  26  2:49  SCV  
  27  2:56  SCV  
  23  3:06  Cyclone  
  23  3:12  SCV x2  
  26  3:15  Supply Depot  
  25  3:24  SCV x2  
  16  3:36  SCV x2  
  16  3:38  Cyclone  
  18  3:48  SCV  
Tags
 
Add a new tag
Caveats
  • Supply blocks, unpowered buildings, or Contaminate may cause inaccurate times.
  • Supply counts are checked every 10 seconds.